Map: Simulacrum LE

Players

JohnnyV

  • Race: Terran Terran
  • League: Silver
  • Spawn Location: 5:00

미노타우스크루저 - Winner!

  • Race: Terran Terran
  • League: Silver
  • Spawn Location: 11:00

VOD

Have the link to the VOD?

Description

Time

  • Played on: May 23, 2020, 8:38 p.m.
  • Length: 9:56
Show
View Real Time Build Order
Export as new Build Order

JohnnyV Terran 

Build Orders:  

Get SALT Encoding   

  12  0:01  SCV  
  13  0:17  SCV, Supply Depot  
  14  0:29  SCV  
  14  0:35  Refinery  
  15  0:41  Barracks  
  15  0:45  SCV  
  16  0:58  SCV  
  17  1:07  Refinery  
  17  1:10  SCV  
  18  1:22  SCV  
  19  1:30  Reaper  
  20  1:34  SCV  
  20  1:39  Bunker  
  21  1:45  Supply Depot  
  21  1:46  SCV  
  22  1:59  SCV  
  23  2:07  Factory  
  23  2:08  Marine  
  24  2:16  Orbital Command  
  24  2:21  Engineering Bay  
  24  2:26  Marine  
  24  2:51  Marine  
  24  3:03  Widow Mine  
  26  3:09  Marine  
  27  3:13  SCV  
  27  3:25  SCV  
  28  3:36  Factory Tech Lab  
  28  3:37  SCV  
  28  3:46  Barracks Reactor  
  28  3:56  Starport  
  28  4:00  Supply Depot  
  28  4:12  Siege Tank  
  28  4:14  Command Center  
  31  4:24  SCV  
  31  4:31  Terran Infantry Armor Level 1  
  32  4:36  SCV, Liberator  
  32  4:38  Marine x2  
  37  4:44  Supply Depot  
  38  4:48  Supply Depot  
  38  4:49  SCV  
  39  5:06  Marine x2, Siege Tank  
  44  5:13  Missile Turret  
  44  5:21  Missile Turret  
  44  5:25  Starport Reactor  
  44  5:26  Marine x2  
  46  5:31  Bunker  
  46  5:35  Orbital Command  
  46  5:39  Refinery  
  46  5:41  Refinery  
  46  5:42  SCV  
  47  5:44  Marine x2  
  47  5:47  Cyclone  
  52  5:54  SCV  
  53  6:01  Marine  
  53  6:02  Marine  
  55  6:05  Medivac x2  
  59  6:19  Marine x2  
  59  6:23  Cyclone  
  61  6:30  Barracks  
  61  6:32  Supply Depot  
  61  6:42  Viking  
  63  6:50  Marine  
  63  6:51  Marine  
  65  7:24  Marine x2  
  65  7:25  Siege Tank  
  70  7:38  Barracks Tech Lab  
  70  7:42  SCV x2, Marine x2  
  74  7:47  Supply Depot  
  74  7:48  Supply Depot  
  74  7:49  Supply Depot  
  74  8:00  Marine x2  
  76  8:11  Supply Depot  
  76  8:17  Marine  
  71  8:28  Marine  
  71  8:29  Marine  
  65  8:35  Marine  
  53  8:46  Marine  
  45  8:55  Marine x2  
  46  9:10  Supply Depot  
  46  9:12  Supply Depot  
Show
View Real Time Build Order
Export as new Build Order

미노타우스크루저 Terran - Winner!

Build Orders:  

Get SALT Encoding   

  12  0:01  SCV  
  13  0:16  Supply Depot  
  13  0:18  SCV  
  14  0:32  SCV  
  15  0:39  Barracks  
  15  0:43  Refinery  
  15  0:46  SCV  
  16  0:58  SCV  
  17  1:06  Supply Depot  
  17  1:10  SCV  
  18  1:22  SCV  
  19  1:29  Reaper  
  20  1:34  SCV  
  20  1:36  Refinery  
  21  1:49  Orbital Command  
  21  2:04  Barracks Tech Lab  
  21  2:11  Factory  
  21  2:17  Barracks Reactor  
  21  2:24  SCV  
  21  2:28  Command Center  
  22  2:38  SCV  
  23  2:58  Hellion, Marine  
  25  2:59  Starport  
  23  3:34  SCV  
  23  3:41  Factory Tech Lab  
  23  3:43  Orbital Command  
  23  3:44  Marine  
  23  3:45  Marine  
  23  3:46  SCV  
  26  3:55  Starport Reactor  
  26  3:58  SCV  
  26  4:02  Marine x2  
  27  4:03  Barracks  
  29  4:10  SCV  
  30  4:17  Siege Tank  
  30  4:20  Marine x2  
  30  4:22  SCV  
  30  4:23  SCV  
  37  4:35  SCV  
  37  4:38  Marine x2  
  40  4:48  SCV x2  
  40  4:49  Siege Tank  
  40  4:52  Refinery  
  45  4:56  Marine  
  46  5:01  Supply Depot, Barracks Tech Lab  
  46  5:22  SCV x2, Medivac, Marine  
  46  5:23  Marauder  
  46  5:24  Supply Depot  
  53  5:33  Supply Depot  
  53  5:34  SCV  
  54  5:46  SCV, Medivac  
  54  5:47  SCV  
  54  5:49  Marine x3  
  60  5:55  Medivac  
  60  5:56  Supply Depot  
  63  5:58  SCV, Command Center  
  63  5:59  SCV  
  65  6:07  Marine x2  
  67  6:42  Marine x2  
  69  6:47  Medivac  
  71  6:57  Marine  
  71  6:59  Stimpack  
  71  7:00  Marine x2  
  74  7:15  Marine  
  75  7:25  Orbital Command  
  75  7:32  Marine x2  
  77  7:40  Medivac x2, Siege Tank  
  77  7:41  Marine  
  85  7:46  Barracks  
  85  7:48  Engineering Bay  
  85  7:49  Engineering Bay  
  85  7:50  Marine x2  
  87  7:59  Marine  
  62  8:53  Liberator  
  62  8:54  Liberator  
  66  9:22  Supply Depot  
Tags
 
Matchup
TvT
Race
Terran
Spawn Locations
Cross Positions
Add a new tag
Caveats
  • Supply blocks, unpowered buildings, or Contaminate may cause inaccurate times.
  • Supply counts are checked every 10 seconds.